 Dungeon Crawl Stone Soup version 0.27-a0-1071-ga85bd9520d (webtiles) character file.

Game seed: 4755585279114361014

17 porpoise the Magician (level 2, -2/22 HPs)
             Began as a Djinni Venom Mage on Apr 25, 2021.
             Slain by a gnoll
             ... wielding a +0 halberd
              (9 damage)
             ... on level 2 of the Dungeon.
             The game lasted 00:03:10 (1263 turns).

porpoise the Magician (Djinni Venom Mage)           Turns: 1263, Time: 00:03:10

Health: -2/22      AC:  2    Str:  7    XL:     2   Next: 62%
Gold:   36         EV: 12    Int: 16    God:
                   SH:  0    Dex: 13

rFire    + + .     SeeInvis .   a - +2 war axe (elec)
rCold    x . .     Faith    .   (no shield)
rNeg     . . .     Spirit   .   b - +0 robe
rPois    ∞         Reflect  .   (no helmet)
rElec    .         Harm     .   (no cloak)
rCorr    .         Rampage  .   (no gloves)
Will     .....                  (boots unavailable)
Stlth    ++........             (no amulet)
HPRegen  0.07/turn              (no ring)
MPRegen  0.00/turn              (no ring)

@: flying
A: fire resistance 2, cold vulnerability 1, float, innate caster, hp casting,
extra vitality 1
a: no special abilities


You were on level 2 of the Dungeon.
You visited 1 branch of the dungeon, and saw 2 of its levels.

You collected 36 gold pieces.

Inventory:

Hand Weapons
 a - a +2 war axe of electrocution (weapon)
 e - a +0 dagger
Armour
 b - a +0 robe (worn)
Scrolls
 c - a scroll of blinking {unknown}
 h - a scroll of identify {unknown}
Potions
 d - a potion of haste {unknown}
 f - a potion of berserk rage {unknown}
 g - a potion of flight {unknown}


   Skills:
 + Level 1.4 Fighting
 - Level 2.1 Dodging
 - Level 1.5 Stealth
 + Level 3.0 Spellcasting


You couldn't memorise any spells.
You knew the following spells:

 Your Spells              Type           Power      Damage    Failure   Level
a - Sting                 Tmut/Pois      48%        1d5       5%          1
i - Ignite Poison         Fire/Tmut/Pois 12%        N/A       16%         3
m - Mephitic Cloud        Conj/Pois/Air  12%        N/A       16%         3
o - Olgreb's Toxic Radia  Pois           12%        N/A       45%         4
v - Poisonous Vapours     Pois/Air       24%        N/A       8%          2
Your spell library was empty.

Dungeon Overview and Level Annotations

Branches:
Dungeon (2/15)

Altars:


Innate Abilities, Weirdness & Mutations

You are immune to poison.
Your flesh is very heat resistant. (rF++)
You are vulnerable to cold. (rC-)
You float through the air rather than walking.
You learn spells naturally, not from books.
Your magical power is your life essence.
You have superior vitality. (+4 HP)


Message History

The plant is lightly damaged.
You hit the plant. x2
You slash the plant!
The plant is lightly damaged.
You completely miss the plant. You hit the plant.
A nearby plant withers and dies. x3
A gnoll is nearby!
You start resting.
A hobgoblin is nearby!
You start resting.
A hobgoblin is nearby!
The hobgoblin shouts!
You hit the hobgoblin.
Lightning courses through the hobgoblin!
You kill the hobgoblin!
You slash the plant!
The plant begins to die.
Lightning courses through the plant! You hit the plant.
The plant begins to die.
You hit the plant but do no damage.
A nearby plant withers and dies. x2
You start resting.
HP restored.
A gnoll is nearby!
What are your orders? t - Shout!
Orders for allies: a - Attack new target. r - Retreat! s - Stop attacking. g - Guard the area. f - Follow me.
Anything else - Cancel.
Okay, then.
Unknown command.
The gnoll shouts!
The gnoll misses you.
The gnoll splashes around in the water.
The gnoll hits you with a +0 spear!
The gnoll splashes around in the water.
You slash the gnoll!
The gnoll is severely wounded.
You barely miss the gnoll. The gnoll hits you with a +0 spear!
The gnoll barely misses you. The gnoll hits you with a +0 halberd!
You die...

#. .. #. # #. .#.##. .....
###.##.##### .
......ggg.@### ...
###..≈♣♣♣g≈♣≈♣##... #
#≈≈♣♣≈≈≈≈♣♣≈♣≈≈≈♣♣ #.###
≈♣≈≈≈≈♣≈≈≈≈≈≈≈♣≈P♣♣≈###....
≈P♣≈≈≈≈≈≈≈≈≈≈≈≈≈≈≈≈≈♣.....<
≈P≈≈≈≈≈≈≈≈≈≈≈♣P≈♣P≈≈♣......
gP≈≈≈≈≈≈≈≈≈≈≈≈P≈≈≈≈≈≈≈#####
≈≈≈≈≈≈≈≈≈≈≈≈≈≈≈≈≈≈≈≈≈≈ ####
≈≈≈≈≈≈≈≈≈≈≈≈≈≈≈≈≈≈≈≈≈♣♣....


You could see 4 gnolls.

Vanquished Creatures
  2 dart slugs (D:2)
  A bat (D:2)
  An endoplasm (D:1)
  2 hobgoblins
  2 kobolds
  A quokka (D:2)
  2 frilled lizards (D:2)
  A rat (D:1)
12 creatures vanquished.

Vanquished Creatures (others)
  10 plants (D:2)
10 creatures vanquished.

Grand Total: 22 creatures vanquished

Notes
Turn   | Place    | Note
-------+----------+-------------------------------------------
     0 | D:1      | porpoise the Djinni Venom Mage began the quest for the Orb.
     0 | D:1      | Reached XP level 1. HP: 15/15 MP: 0/0
   890 | D:2      | Reached skill level 1 in Fighting
   890 | D:2      | Reached XP level 2. HP: 17/22 MP: 0/0
   935 | D:2      | Reached skill level 3 in Spellcasting
  1263 | D:2      | Slain by a gnoll

Illustrated notes

Levels and vault maps discovered:
D:1:      eino_arrival_cavern_a, layout_loops_ring, serial_bayou_pond_e,
          minmay_strange_pillars, minmay_misc_feat_room, moated_statue
D:2:      layout_basic, basic_altar, serial_bayou, serial_bayou_lake_a,
          serial_bayou_pond_a, serial_bayou_pond_b, serial_bayou_pond_a,
          serial_bayou_pond_e, serial_shops, nicolae_shop_statue_plus,
          grunt_ministairs_8

Skill      XL: |  1  2 |
---------------+-------+-----
Fighting       | 1 |  1.4
Spellcasting   | 3 |  3.0
Dodging        | |  2.1
Stealth        | |  1.5

Action                   || total
-------------------------++-------
Melee: Dagger            ||    10
       War axe           ||    25
 Cast: Sting             ||     5
 Stab: Sleeping          ||     1
Armor: Robe              ||     1
Dodge: Dodged            ||    22

Table legend: (Time is in decaauts)
 A = Elapsed time spent in this place.
 B = Non-inter-level travel time spent in this place.
 C = Inter-level travel time spent in this place.
 D = Time resting spent in this place.
 E = Time spent auto-exploring this place.
 F = Levels seen in this place.
 G = Mean time per level.
                   A        B        C        D        E       F      G
               +--------+--------+--------+--------+--------+-----+--------+
         Total |   1274 |   1235 |     39 |    349 |    729 |   2 |  637.0 |
       Dungeon |   1274 |   1235 |     39 |    349 |    729 |   2 |  637.0 |
               +--------+--------+--------+--------+--------+-----+--------+

Top non-repeatable levels by time:
     D:1: 878 daAuts
     D:2: 396 daAuts
